 Dungeon Crawl Stone Soup version 0.28-a0-732-g75e6d9beac (webtiles) character file.

Game seed: 11571858374636854203

385 1994 the Skirmisher (level 6, -13/67 HPs)
             Began as an Ogre Monk on Oct 29, 2021.
             Was a Believer of Okawaru.
             Mangled by an ogre (17 damage)
             ... on level 5 of the Dungeon.
             The game lasted 00:11:38 (4781 turns).

1994 the Skirmisher (Ogre Monk)                     Turns: 4781, Time: 00:11:39

Health: -13/67     AC:  3    Str: 16    XL:     6   Next: 77%
Magic:  0/7        EV: 10    Int: 11    God:    Okawaru [**....]
Gold:   185        SH:  0    Dex: 13    Spells: 5/5 levels left

rFire   . . .      SeeInvis .   a - +4 hand axe
rCold   . . .      Faith    .   (no shield)
rNeg    . . .      Spirit   +   g - +0 robe
rPois   .          Reflect  .   (helmet restricted)
rElec   .          Harm     .   (no cloak)
rCorr   .          Rampage  .   (gloves unavailable)
Will    .....                   (boots unavailable)
Stlth   ++........              x - amulet of guardian spirit
HPRegen 0.21/turn               (no ring)
MPRegen 0.10/turn               (no ring)

@: no status effects
A: large, unfitting armour, tough skin 1
a: Renounce Religion, Heroism


You were on level 5 of the Dungeon.
You worshipped Okawaru.
Okawaru was pleased with you.
You visited 2 branches of the dungeon, and saw 6 of its levels.

You collected 185 gold pieces.

Inventory:

Hand Weapons
 a - a +4 hand axe (weapon)
 b - a +1 hunting sling of flaming
 i - a +0 mace
Missiles
 e - 5 large rocks (quivered)
 k - a stone
 s - a boomerang
 u - 11 poisoned darts
Armour
 g - a +0 robe (worn)
Jewellery
 x - an amulet of guardian spirit (around neck)
Wands
 v - a wand of paralysis (3)
Scrolls
 f - a scroll of enchant weapon
 l - a scroll of fear {unknown}
 o - a scroll of magic mapping {unknown}
 p - a scroll of enchant armour {unknown}
 q - 2 scrolls of teleportation
 w - 2 scrolls of vulnerability
 y - a scroll of holy word {unknown}
Potions
 c - a potion of lignification
 d - a potion of ambrosia
 h - a potion of brilliance
 j - a potion of berserk rage
 m - a potion of attraction
 n - a potion of haste {unknown}
 r - 2 potions of curing
 z - a potion of flight {unknown}


   Skills:
 + Level 5.7 Fighting
 * Level 4.9 Maces & Flails
 + Level 2.8 Throwing
 - Level 2.6 Dodging
 - Level 1.4 Stealth
 - Level 2.0 Invocations


You had 5 spell levels left.
You didn't know any spells.
Your spell library was empty.

Dungeon Overview and Level Annotations

Branches:
Dungeon (5/15)             Temple (1/1) D:4

Altars:
Ashenzari
Dithmenos
Elyvilon
Fedhas
Gozag
Hepliaklqana
Makhleb
Okawaru
Qazlal
Ru
Sif Muna
Trog
Vehumet
Xom
Yredelemnul
Zin
The Shining One

Annotations:
D:3 black bear


Innate Abilities, Weirdness & Mutations

You are too large for most types of armour.
You have tough skin. (AC +1)


Message History

The arrow barely misses you.
The centaur shoots an arrow.
The arrow hits you.
The centaur shoots an arrow.
The arrow hits you!
The centaur shoots an arrow.
The arrow hits you!
You hear a shout!
The centaur unwields a +0 shortbow.
The centaur closely misses you.
The centaur kicks you but does no damage.
You hit the centaur.
The centaur is lightly wounded.
The centaur hits you.
The centaur kicks you but does no damage.
The centaur closely misses you. The centaur kicks you.
An ogre comes into view. It is wielding a +0 giant spiked club.
You hit the centaur.
The centaur is moderately wounded.
The centaur hits you but does no damage.
The centaur kicks you.
You barely miss the centaur.
The centaur is moderately wounded.
The centaur hits you. The centaur barely misses you.
The centaur closely misses you.
The centaur kicks you but does no damage.
You hit the centaur.
The centaur is heavily wounded.
You hit the ogre. The centaur barely misses you. The centaur kicks you.
The ogre hits you with a +0 giant spiked club!!
* * * LOW HITPOINT WARNING * * *
The centaur hits you.
* * * LOW HITPOINT WARNING * * *
The centaur closely misses you.
Unknown command.
The centaur wields a +0 shortbow.
The centaur shoots an arrow.
The arrow hits you!
* * * LOW HITPOINT WARNING * * *
Unknown command.
Unknown command.
You see here a quokka corpse.
There is a stone staircase leading up here.
The ogre hits you with a +0 giant spiked club!!
You die...

#.. .#.#
#..#.#.###
.#........#
........#.#
###..####.##
#....c...#
##.##.#..####
#.##........
#.@Oc...####
#.......#
#########


You could see an ogre and a centaur.

Vanquished Creatures
  A water moccasin zombie (D:5)
  5 wights
  An iguana (D:4)
  2 adders
  An adder zombie (D:1)
  3 worms (D:3)
  3 dart slugs
  An orc (D:4)
  9 ball pythons
  4 bats
  A bat zombie (D:1)
  3 endoplasms
  3 giant cockroaches
  5 goblins
  4 hobgoblins
  2 jackals (D:4)
  8 quokkas
  2 frilled lizards
  4 kobolds
  A quokka skeleton (D:4)
  3 rats
66 creatures vanquished.

Vanquished Creatures (others)
  5 plants (D:3)
  7 withered plants (D:3)
12 creatures vanquished.

Grand Total: 78 creatures vanquished

Notes
Turn   | Place    | Note
-------+----------+-------------------------------------------
     0 | D:1      | 1994 the Ogre Monk began the quest for the Orb.
     0 | D:1      | Reached XP level 1. HP: 24/24 MP: 1/1
   164 | D:1      | Reached XP level 2. HP: 32/32 MP: 2/2
   627 | D:1      | Reached skill level 1 in Throwing
   801 | D:1      | Reached XP level 3. HP: 40/40 MP: 3/3
  1683 | D:2      | Found a sacrificial altar of Ru.
  1947 | D:3      | Found a faded altar of an unknown god.
  2008 | D:3      | Reached XP level 4. HP: 49/49 MP: 4/4
  2151 | D:3      | Found a shadowy altar of Dithmenos.
  2435 | D:4      | Noticed a black bear
  2828 | D:4      | Found a staircase to the Ecumenical Temple.
  2838 | Temple   | Entered the Ecumenical Temple
  3050 | Temple   | Became a worshipper of Warmaster Okawaru
  3050 | Temple   | Reached * piety under Okawaru
  3050 | Temple   | Reached ** piety under Okawaru
  3138 | D:4      | Reached skill level 5 in Fighting
  3138 | D:4      | Reached XP level 5. HP: 23/55 MP: 5/5
  3442 | D:3      | Reached skill level 1 in Invocations
  4157 | D:4      | Reached XP level 6. HP: 21/60 MP: 1/7
  4648 | D:5      | Entered Level 5 of the Dungeon
  4769 | D:5      | HP: 1/67 [centaur/arrow (8)]
  4781 | D:5      | Mangled by an ogre

Illustrated notes

Levels and vault maps discovered:
D:1:      saegor_arrival_fortress, layout_basic, serial_forest,
          infiniplex_forest_end_2, infiniplex_forest_end_1,
          infiniplex_forest_lined_2, infiniplex_forest_lined_room_,
          infiniplex_forest_corner_2, infiniplex_forest_clump_curved,
          infiniplex_forest_end_1, infiniplex_forest_diagonal
D:2:      layout_rooms, basic_altar, chequers_serial_rivers_micro_a
D:3:      layout_basic, grunt_dithmenos_smoke_and_mirrors,
          shapermc_ecumenical_altar_flowoftime
D:4:      layout_rooms, minmay_temple_entry_antechambers,
          kennysheep_generic_room_8
D:5:      layout_loops_cross, lemuel_crystal_altar
Temple:   eino_temple_rhombus

Skill      XL: |  1  2  3  4  5  6 |
---------------+-------------------+-----
Maces & Flails | 3 4 |  4.9
Throwing       | 1 2 |  2.8
Fighting       | 5 |  5.7
Invocations    | 1 2 |  2.0
Dodging        | |  2.6
Stealth        | |  1.4

Action                   |  1- 3 |  4- 6 || total
-------------------------+-------+-------++-------
Melee: Mace              |    82 |       ||    82
       Hand axe          |    41 |   105 ||   146
Throw: Large rock        |     1 |    13 ||    14
       Boomerang         |       |    10 ||    10
Invok: Heroism           |       |     1 ||     1
  Use: Scroll            |     3 |     7 ||    10
 Stab: Sleeping          |     3 |     3 ||     6
Armor: Robe              |    47 |    20 ||    67
Dodge: Dodged            |    65 |    66 ||   131

Table legend: (Time is in decaauts)
 A = Elapsed time spent in this place.
 B = Non-inter-level travel time spent in this place.
 C = Inter-level travel time spent in this place.
 D = Time resting spent in this place.
 E = Time spent auto-exploring this place.
 F = Levels seen in this place.
 G = Mean time per level.
                   A        B        C        D        E       F      G
               +--------+--------+--------+--------+--------+-----+--------+
         Total |   4843 |   4623 |    220 |   1451 |   1803 |   6 |  807.2 |
       Dungeon |   4625 |   4433 |    192 |   1451 |   1628 |   5 |  925.0 |
        Temple |    218 |    190 |     28 |      0 |    175 |   1 |  218.0 |
               +--------+--------+--------+--------+--------+-----+--------+

Top non-repeatable levels by time:
     D:3: 1287 daAuts
     D:1: 1244 daAuts
     D:4: 1156 daAuts
     D:2: 802 daAuts
  Temple: 218 daAuts
     D:5: 134 daAuts
